 Dungeon Crawl Stone Soup version 0.30-a0-860-g512cf1e979 (webtiles) character file.

Game seed: 4203627907950277094

13 PimpSugar the Magician (level 2, -2/20 HPs)
             Began as a Demonspawn Hedge Wizard on Mar 8, 2023.
             Slain by a quokka (4 damage)
             ... on level 1 of the Dungeon.
             The game lasted 00:02:38 (299 turns).

PimpSugar the Magician (Demonspawn Hedge Wizard)     Turns: 299, Time: 00:02:39

Health: -2/20      AC:  2    Str: 10    XL:     2   Next: 24%
Magic:  3/6        EV: 11    Int: 15    God:
Gold:   32         SH:  3    Dex: 12    Spells: 3/7 levels left

rFire   + . .      SeeInvis .    a - +0 dagger
rCold   . . .      Faith    .    k - +0 buckler
rNeg    . . .      Spirit   .    b - +0 robe
rPois   .          Reflect  .    c - +0 hat
rElec   .          Rampage  .    (no cloak)
rCorr   .                        (no gloves)
Will    .....                    (no boots)
Stlth   ++                       (no amulet)
HPRegen 0.23/turn                e - ring of protection from fire
MPRegen 0.10/turn                (no ring)

@: no status effects
A: powered by pain 1
a: no special abilities


You were on level 1 of the Dungeon.
You visited 1 branch of the dungeon, and saw 1 of its levels.

You collected 32 gold pieces.

Inventory:

Hand Weapons
 a - a +0 dagger (weapon)
Missiles
 i - 5 stones
Armour
 b - a +0 robe (worn)
 c - a +0 hat (worn)
 k - a +0 buckler (worn)
Jewellery
 e - a ring of protection from fire (left hand)
Scrolls
 f - a scroll of poison {unknown}
 h - a scroll of immolation {unknown}
Potions
 d - a potion of magic
 g - a potion of heal wounds {unknown}
 j - a potion of brilliance {unknown}


   Skills:
 + Level 0.5 Fighting
 + Level 1.8 Dodging
 + Level 1.9 Stealth
 + Level 0.0 Shields
 * Level 3.1 Spellcasting
 * Level 1.3 Conjurations
 + Level 0.0 Hexes
 + Level 1.1 Summonings
 + Level 1.0 Translocations


You had 3 spell levels left.
You knew the following spells:

 Your Spells              Type           Power      Damage    Failure   Level
a - Magic Dart            Conj           24%        1d4       16%         1
b - Call Imp              Summ           5%         N/A       26%         2
d - Slow                  Hex            8%         N/A       26%         1

Your spell library contained the following spells:

 Spells                   Type           Power      Damage    Failure   Level
 Blink                    Tloc           10%        N/A       26%         2
 Cigotuvi's Dreadful Rot  Necr/Pois/Air  4%         N/A       38%         2
 Ensorcelled Hibernation  Hex/Ice        4%         N/A       38%         2
 Passwall                 Tmut/Erth      1%         N/A       38%         2
 Mephitic Cloud           Conj/Pois/Air  3%         N/A       56%         3
 Swiftness                Air            2%         N/A       63%         3


Dungeon Overview and Level Annotations

Branches:
Dungeon (1/15)

Altars:


Innate Abilities, Weirdness & Mutations

You sometimes gain a little power by taking damage.


Message History

Confirm with . or Enter, or press ? or * to list all spells.
Aiming: Magic Dart (safe; 16% risk of failure)
Press: ? - help, Shift-Dir - straight line, f/p - hobgoblin
Aim: a hobgoblin (moderately wounded, 100% to hit)
The magic dart hits the hobgoblin but does no damage.
The hobgoblin is moderately wounded.
Casting: Magic Dart (safe; 16% risk of failure)
Confirm with . or Enter, or press ? or * to list all spells.
The spell is quite dangerous to miscast (26% risk of failure)!
Continue anyway?
A beastly little devil appears in a puff of flame.
Found 10 gold pieces.
Found a stone staircase leading down.
Your crimson imp blinks!
You hit the endoplasm.
The endoplasm is heavily wounded.
The quokka barely misses you. The endoplasm hits you.
The hobgoblin closely misses you.
You hit the endoplasm.
The endoplasm is almost dead.
You block the quokka's attack. The endoplasm freezes you.
You are frozen.
The hobgoblin barely misses you. The quokka bites you.
You hit the endoplasm.
You kill the endoplasm!
The hobgoblin barely misses you. The quokka barely misses you.
You hit the rat.
You kill the rat!
You block the hobgoblin's attack. The quokka misses you. The quokka bites you.
You hit the quokka.
The quokka is almost dead.
The quokka bites you. The hobgoblin hits you.
* * * LOW HITPOINT WARNING * * *
Your crimson imp hits the hobgoblin.
The quokka bites you.
* * * LOW HITPOINT WARNING * * *
Your crimson imp blinks!
You hit the hobgoblin but do no damage.
The hobgoblin is almost dead.
The hobgoblin closely misses you. The quokka bites you.
You die...

##.....## ######.......#
#....#.......#
#....#.......#
#[...##.....#
###...........##
###..............##
...###..................
.......@g...............
######.r..§...5.........
###................
..................
..................[.
......................
##..........####....†.
#...##.....####....†.
>... .$..###........†


You could see a quokka, a hobgoblin (ally target) and a friendly crimson imp
(summoned).

Vanquished Creatures
  A ball python (D:1)
  2 endoplasms (D:1)
  A hobgoblin (D:1)
  3 quokkas (D:1)
  2 bats (D:1)
  2 rats (D:1)
11 creatures vanquished.

Notes
Turn   | Place    | Note
-------+----------+-------------------------------------------
     0 | D:1      | PimpSugar the Demonspawn Hedge Wizard began the quest for
                  | the Orb.
     0 | D:1      | Reached XP level 1. HP: 13/13 MP: 4/4
    62 | D:1      | Learned a level 1 spell: Slow
   103 | D:1      | Reached skill level 1 in Translocations
   168 | D:1      | Gained mutation: You sometimes gain a little power by
                  | taking damage. [demonic ancestry]
   168 | D:1      | Reached XP level 2. HP: 18/19 MP: 1/6
   244 | D:1      | Learned a level 2 spell: Call Imp
   299 | D:1      | Slain by a quokka

Illustrated notes

Levels and vault maps discovered:
D:1:      scummos_arrival_star, layout_rooms

Skill      XL: |  1 |
---------------+----+-----
Translocations | 1 |  1.0
Fighting       | |  0.5
Dodging        | |  1.8
Stealth        | |  1.9
Spellcasting   | |  3.1
Conjurations   | |  1.3
Summonings     | |  1.1

Action                     || total
---------------------------++-------
  Melee: Dagger            ||    35
   Cast: Magic Dart        ||    16
         Slow              ||     1
         Call Imp          ||     1
 Armour: Robe              ||     4
  Dodge: Dodged            ||    38
  Block: Buckler           ||     2

Table legend: (Time is in decaauts)
 A = Elapsed time spent in this place.
 B = Non-inter-level travel time spent in this place.
 C = Inter-level travel time spent in this place.
 D = Time resting spent in this place.
 E = Time spent auto-exploring this place.
 F = Levels seen in this place.
 G = Mean time per level.
                   A        B        C        D        E       F      G
               +--------+--------+--------+--------+--------+-----+--------+
         Total |    298 |    298 |      0 |     24 |     49 |   1 |  298.0 |
       Dungeon |    298 |    298 |      0 |     24 |     49 |   1 |  298.0 |
               +--------+--------+--------+--------+--------+-----+--------+

Top non-repeatable levels by time:
     D:1: 298 daAuts
